PCL
HOUSTON HAMMERTIME @ LAS VEGAS STARS
08/25/2023
 
TOP OF THE 1ST
Houston Hammertime batting - Pitching for Las Vegas Stars : RHP Jim Hendon
Pitching: RHP Jim Hendon
Batting: RHB John Pick 0-0: Called Strike
0-1: Foul Ball, location: 2F
0-2: Ball
1-2: Foul Ball, location: 2F
1-2: Fly out, F6 (Popup, 6M)
Batting: LHB José Villegas 0-0: Swinging Strike
0-1: Ball
1-1: Swinging Strike
1-2: Strikes out looking
Batting: LHB Tony Tavárez 0-0: Called Strike
0-1: Ground out U3 (Groundball, 3)
Top of the 1st over - 0 run(s), 0 hit(s), 0 error(s), 0 left on base; Houston 0 - Las Vegas 0
BOTTOM OF THE 1ST
Las Vegas Stars batting - Pitching for Houston Hammertime : LHP Martín Reyes
Pitching: LHP Martín Reyes
Batting: RHB Kelly Jones 0-0: Fly out, F7 (Flyball, 7M)
Batting: RHB Ron Shelton 0-0: Ball
1-0: Swinging Strike
1-1: Called Strike
1-2: Strikes out looking
Batting: LHB Evan Slootweg 0-0: DOUBLE (Flyball, 78D)
Batting: LHB Juan Cabañas 0-0: Ball
1-0: Ball
2-0: Foul Ball, location: 2F
2-1: Ball
3-1: Swinging Strike
3-2: Ground out 4-3 (Groundball, 4M)
Bottom of the 1st over - 0 run(s), 1 hit(s), 0 error(s), 1 left on base; Houston 0 - Las Vegas 0
TOP OF THE 2ND
Houston Hammertime batting - Pitching for Las Vegas Stars : RHP Jim Hendon
Batting: SHB Cristo Ontiveros 0-0: Ball
1-0: Foul Ball, location: 2F
1-1: Foul Ball, location: 2F
1-2: Ball
2-2: Foul Ball, location: 2F
2-2: Ball
3-2: Strikes out looking
Batting: RHB Mario Beltrán 0-0: Foul Ball, location: 2F
0-1: Ball
1-1: Foul Ball, location: 2F
1-2: Ball
2-2: Foul Ball, location: 2F
2-2: Ground out 4-3 (Groundball, 4)
Batting: LHB Fernando Camacho 0-0: Foul Ball, location: 2F
0-1: Foul Ball, location: 2F
0-2: Foul Ball, location: 2F
0-2: Ball
1-2: Ball
2-2: Foul Ball, location: 2F
2-2: Strikes out swinging
Top of the 2nd over - 0 run(s), 0 hit(s), 0 error(s), 0 left on base; Houston 0 - Las Vegas 0
BOTTOM OF THE 2ND
Las Vegas Stars batting - Pitching for Houston Hammertime : LHP Martín Reyes
Batting: LHB Eliot Helen 0-0: Ball
1-0: Foul Ball, location: 2F
1-1: Swinging Strike
1-2: Foul Ball, location: 2F
1-2: Strikes out looking
Batting: RHB Tom Jacobson 0-0: Ball
1-0: Called Strike
1-1: Ball
2-1: Ball
3-1: Called Strike
3-2: SINGLE (Groundball, 6MD)
Batting: SHB Santiago Farías 0-0: Ball
1-0: SINGLE (Line Drive, 3D)
Tom Jacobson to second
Batting: LHB Parker Marshall 0-0: Called Strike
0-1: Swinging Strike
0-2: Strikes out swinging
Batting: RHB Cole Bradley 0-0: Ball
1-0: Called Strike
1-1: Ball
2-1: Foul Ball, location: 2F
2-2: Strikes out swinging
Bottom of the 2nd over - 0 run(s), 2 hit(s), 0 error(s), 2 left on base; Houston 0 - Las Vegas 0
TOP OF THE 3RD
Houston Hammertime batting - Pitching for Las Vegas Stars : RHP Jim Hendon
Batting: RHB Santo Cruz 0-0: Ball
1-0: Ball
2-0: Called Strike
2-1: Ground out 6-3 (Groundball, 6M)
Batting: LHB Felipe Cruz 0-0: Called Strike
0-1: Foul Ball, location: 2F
0-2: Ball
1-2: Foul Ball, location: 2F
1-2: Strikes out swinging
Batting: RHB Luis Barzaga 0-0: Ball
1-0: Reached on error, E6 (Groundball, 6)
Batting: RHB John Pick 0-0: Swinging Strike
0-1: Ground out 1-3 (Groundball, 15)
Top of the 3rd over - 0 run(s), 0 hit(s), 1 error(s), 1 left on base; Houston 0 - Las Vegas 0
BOTTOM OF THE 3RD
Las Vegas Stars batting - Pitching for Houston Hammertime : LHP Martín Reyes
Batting: RHB Kelly Jones 0-0: Ball
1-0: Ground out 4-3 (Groundball, 4)
Batting: RHB Ron Shelton 0-0: Ball
1-0: Ball
2-0: Foul Ball, location: 2F
2-1: Bunted foul
2-2: Fly out, F9 (Flyball, 9S)
Batting: LHB Evan Slootweg 0-0: Called Strike
0-1: Foul Ball, location: 2F
0-2: Ball
1-2: Ball
2-2: Fly out, F4 (Line Drive, 4)
Bottom of the 3rd over - 0 run(s), 0 hit(s), 0 error(s), 0 left on base; Houston 0 - Las Vegas 0
TOP OF THE 4TH
Houston Hammertime batting - Pitching for Las Vegas Stars : RHP Jim Hendon
Batting: LHB José Villegas 0-0: SINGLE (Groundball, 4MD)
Batting: LHB Tony Tavárez 0-0: Ball
1-0: Ball
2-0: DOUBLE (Line Drive, 9LM)
José Villegas to third
Batting: SHB Cristo Ontiveros 0-0: Foul Ball, location: 2F
0-1: Ground out 4-3 (Groundball, 4)
José Villegas scores
Tony Tavárez to third
Batting: RHB Mario Beltrán 0-0: Ball
1-0: Foul Ball, location: 2F
1-1: Ball
2-1: Ball
3-1: Foul Ball, location: 2F
3-2: Base on Balls
Batting: LHB Fernando Camacho 0-0: Called Strike
0-1: Swinging Strike
0-2: Ball
1-2: Grounds into double play, 4-6-3 (Groundball, 4)
Top of the 4th over - 1 run(s), 2 hit(s), 0 error(s), 1 left on base; Houston 1 - Las Vegas 0
BOTTOM OF THE 4TH
Las Vegas Stars batting - Pitching for Houston Hammertime : LHP Martín Reyes
Batting: LHB Juan Cabañas 0-0: Ball
1-0: Ball
2-0: Ball
3-0: Called Strike
3-1: Foul Ball, location: 2F
3-2: Ground out 4-3 (Groundball, 4)
Batting: LHB Eliot Helen 0-0: Ball
1-0: Ball
2-0: Ball
3-0: Base on Balls
Batting: RHB Tom Jacobson 0-0: Ball
1-0: SINGLE (Line Drive, 8RS)
Eliot Helen to second
Batting: SHB Santiago Farías 0-0: Ball
1-0: Foul Ball, location: 2F
1-1: Ball
2-1: Fly out, F8 (Flyball, 8RXD)
Runner from 2nd tags up, SAFE at 3rd, no throw
Batting: LHB Parker Marshall 0-0: Called Strike
0-1: Ball
1-1: Foul Ball, location: 2F
1-2: Ball
2-2: Ball
3-2: Strikes out swinging
Bottom of the 4th over - 0 run(s), 1 hit(s), 0 error(s), 2 left on base; Houston 1 - Las Vegas 0
TOP OF THE 5TH
Houston Hammertime batting - Pitching for Las Vegas Stars : RHP Jim Hendon
Batting: RHB Santo Cruz 0-0: Ground out 5-3 (Groundball, 5)
Batting: LHB Felipe Cruz 0-0: Called Strike
0-1: Ball
1-1: Reached on error, E6 (Groundball, 6)
Batting: RHB Luis Barzaga 0-0: Ball
1-0: Called Strike
1-1: Called Strike
1-2: Fly out, F2 (Popup, 2RF)
Batting: RHB John Pick 0-0: Ball
1-0: Foul Ball, location: 2F
1-1: Ball
2-1: Called Strike
2-2: Strikes out looking
Top of the 5th over - 0 run(s), 0 hit(s), 1 error(s), 1 left on base; Houston 1 - Las Vegas 0
BOTTOM OF THE 5TH
Las Vegas Stars batting - Pitching for Houston Hammertime : LHP Martín Reyes
Batting: RHB Cole Bradley 0-0: Foul Ball, location: 2F
0-1: Ball
1-1: Swinging Strike
1-2: Ball
2-2: Foul Ball, location: 2F
2-2: Foul Ball, location: 2F
2-2: Ball
3-2: Strikes out swinging
Batting: RHB Kelly Jones 0-0: Ball
1-0: Ball
2-0: Called Strike
2-1: Ball
3-1: Fly out, F9 (Flyball, 9M)
Batting: RHB Ron Shelton 0-0: Swinging Strike
0-1: Ball
1-1: Ball
2-1: Ball
3-1: Foul Ball, location: 2F
3-2: Fly out, F5 (Line Drive, 5)
Bottom of the 5th over - 0 run(s), 0 hit(s), 0 error(s), 0 left on base; Houston 1 - Las Vegas 0
TOP OF THE 6TH
Houston Hammertime batting - Pitching for Las Vegas Stars : RHP Jim Hendon
Batting: LHB José Villegas 0-0: Ball
1-0: SINGLE (Groundball, 34D)
Batting: LHB Tony Tavárez 0-0: Called Strike
0-1: Ground out 5-3 (Groundball, 15S)
José Villegas to second
Batting: SHB Cristo Ontiveros 0-0: Intentional Walk
Batting: RHB Mario Beltrán 0-0: Called Strike
José Villegas is caught stealing 3rd base
Cristo Ontiveros to second
0-1: Ball
1-1: Foul Ball, location: 2F
1-2: Strikes out swinging
Top of the 6th over - 0 run(s), 1 hit(s), 0 error(s), 1 left on base; Houston 1 - Las Vegas 0
BOTTOM OF THE 6TH
Las Vegas Stars batting - Pitching for Houston Hammertime : LHP Martín Reyes
Batting: LHB Evan Slootweg 0-0: Ball
1-0: Called Strike
1-1: Fly out, F3 (Popup, 3F)
Batting: LHB Juan Cabañas 0-0: Ball
1-0: Called Strike
1-1: Foul Ball, location: 2F
1-2: Foul Ball, location: 2F
1-2: Ground out 3-1 (Groundball, 34)
Batting: LHB Eliot Helen 0-0: Ball
1-0: Ball
2-0: Fly out, F8 (Line Drive, 8LM)
Bottom of the 6th over - 0 run(s), 0 hit(s), 0 error(s), 0 left on base; Houston 1 - Las Vegas 0
TOP OF THE 7TH
Houston Hammertime batting - Pitching for Las Vegas Stars : RHP Jim Hendon
Batting: LHB Fernando Camacho 0-0: Foul Ball, location: 2F
0-1: Ground out 4-3 (Groundball, 4M)
Batting: RHB Santo Cruz 0-0: Called Strike
0-1: Foul Ball, location: 2F
0-2: Strikes out swinging
Batting: LHB Felipe Cruz 0-0: Swinging Strike
0-1: Ground out 6-3 (Groundball, 6M)
Top of the 7th over - 0 run(s), 0 hit(s), 0 error(s), 0 left on base; Houston 1 - Las Vegas 0
BOTTOM OF THE 7TH
Las Vegas Stars batting - Pitching for Houston Hammertime : LHP Martín Reyes
Batting: RHB Tom Jacobson 0-0: Ball
1-0: SINGLE (Line Drive, 89M)
Batting: SHB Santiago Farías 0-0: Sac Bunt - play at first, batter OUT! 1-4
Tom Jacobson to second
Pitching: RHP León Gómez
Batting: LHB Parker Marshall 0-0: Ball
1-0: Ball
2-0: Ball
3-0: Base on Balls
Pinch Hitting: LHB Ricardo Vargas 0-0: Ball
1-0: Foul Ball, location: 2F
1-1: Ball
2-1: Swinging Strike
2-2: Strikes out swinging
Batting: RHB Kelly Jones 0-0: Foul Ball, location: 2F
0-1: Ball
1-1: Ball
2-1: Foul Ball, location: 2F
2-2: Ball
3-2: Base on Balls
Tom Jacobson to third
Parker Marshall to second
Batting: RHB Ron Shelton 0-0: Ball
1-0: Fly out, F6 (Line Drive, 6)
Bottom of the 7th over - 0 run(s), 1 hit(s), 0 error(s), 3 left on base; Houston 1 - Las Vegas 0
TOP OF THE 8TH
Houston Hammertime batting - Pitching for Las Vegas Stars : RHP Jim Hendon
Now at 3B: Vicente Salgado
Batting: RHB Luis Barzaga 0-0: Ground out 6-3 (Groundball, 6M)
Batting: RHB John Pick 0-0: Ball
1-0: Foul Ball, location: 2F
1-1: Swinging Strike
1-2: Strikes out swinging
Batting: LHB José Villegas 0-0: Called Strike
0-1: Swinging Strike
0-2: Ball
1-2: Strikes out looking
Top of the 8th over - 0 run(s), 0 hit(s), 0 error(s), 0 left on base; Houston 1 - Las Vegas 0
BOTTOM OF THE 8TH
Las Vegas Stars batting - Pitching for Houston Hammertime : RHP León Gómez
Pitching: RHP Ricardo Ontiveros
Batting: LHB Evan Slootweg 0-0: Called Strike
0-1: Foul Ball, location: 2F
0-2: Strikes out swinging
Batting: LHB Juan Cabañas 0-0: Swinging Strike
0-1: Foul Ball, location: 2F
0-2: Ball
1-2: Foul Ball, location: 2F
1-2: Foul Ball, location: 2F
1-2: Ball
2-2: Foul Ball, location: 2F
2-2: Strikes out swinging
Batting: LHB Eliot Helen 0-0: Called Strike
0-1: Ball
1-1: Swinging Strike
1-2: Ground out 4-3 (Groundball, 4)
Bottom of the 8th over - 0 run(s), 0 hit(s), 0 error(s), 0 left on base; Houston 1 - Las Vegas 0
TOP OF THE 9TH
Houston Hammertime batting - Pitching for Las Vegas Stars : RHP Jim Hendon
Pitching: RHP Mike Drader
Batting: LHB Tony Tavárez 0-0: Called Strike
0-1: Ball
1-1: Swinging Strike
1-2: Ball
2-2: Foul Ball, location: 2F
2-2: Ball
3-2: Foul Ball, location: 2F
3-2: Base on Balls
Pinch Hitting: LHB Lorenzo Quintanilla 0-0: Ball
1-0: Ball
2-0: Swinging Strike
2-1: Ball
3-1: Fly out, F8 (Flyball, 8LS)
Batting: RHB Mario Beltrán 0-0: Ball
1-0: Called Strike
Tony Tavárez steals 2nd base
1-1: Ball
2-1: Foul Ball, location: 2F
2-2: Foul Ball, location: 2F
2-2: Strikes out looking
Batting: LHB Fernando Camacho 0-0: Ball
1-0: Called Strike
1-1: Ball
2-1: Foul Ball, location: 2F
2-2: Foul Ball, location: 2F
2-2: Ball
3-2: Foul Ball, location: 2F
3-2: Foul Ball, location: 2F
3-2: Ground out 4-3 (Groundball, 34)
Top of the 9th over - 0 run(s), 0 hit(s), 0 error(s), 1 left on base; Houston 1 - Las Vegas 0
BOTTOM OF THE 9TH
Las Vegas Stars batting - Pitching for Houston Hammertime : RHP Ricardo Ontiveros
Pitching: RHP António Mata
Now in LF: Lorenzo Quintanilla
Pinch Hitting: RHB Shih-k'ai Huang 0-0: Foul Ball, location: 2F
0-1: Foul Ball, location: 2F
0-2: Foul Ball, location: 2F
0-2: Ground out 5-3 (Groundball, 5L)
Batting: SHB Santiago Farías 0-0: Called Strike
0-1: Foul Ball, location: 2F
0-2: SINGLE (Line Drive, 89S)
Batting: LHB Parker Marshall 0-0: Ball
1-0: Called Strike
1-1: Swinging Strike
1-2: Foul Ball, location: 2F
1-2: SINGLE (Line Drive, 8RS)
Santiago Farías to second
Batting: RHB Vicente Salgado 0-0: Called Strike
0-1: Ball
1-1: Ball
2-1: Foul Ball, location: 2F
2-2: Fly out, F8 (Flyball, 8RM)
Batting: RHB Kelly Jones 0-0: Ball
1-0: Called Strike
1-1: Called Strike
1-2: Ball
2-2: Ball
3-2: Fly out, F4 (Line Drive, 4)
Bottom of the 9th over - 0 run(s), 2 hit(s), 0 error(s), 2 left on base; Houston 1 - Las Vegas 0
This league is powered by Out of the Park Baseball, the baseball management simulation game for PC, Mac and Linux
Wednesday, December 2nd, 2015 - OOTP Baseball 16.8 Build 38